 Dungeon Crawl Stone Soup version 0.22-a0-280-g69bf1f3 (webtiles) character file.

81383 Mastropiero the Alchemist (level 15, -10/126 HPs)
             Began as a Black Draconian Transmuter on Mar 16, 2018.
             Was the Champion of Makhleb.
             Mangled by a deep troll (19 damage)
             ... on level 14 of the Dungeon on Nov 3, 2018.
             The game lasted 01:41:17 (23447 turns).

Mastropiero the Alchemist (DrTm)                   Turns: 23447, Time: 01:41:18

Health: -10/126    AC: 20    Str: 12    XL:     15   Next: 26%
Magic:  22/22      EV: 18    Int: 19    God:    Makhleb [******]
Gold:   1917       SH:  0    Dex: 13    Spells: 10/24 levels left

rFire    . . .     SeeInvis .     - Unarmed
rCold    . . .     Gourm    .   (shield currently unavailable)
rNeg     . . .     Faith    .   (armour unavailable)
rPois    +         Spirit   .   h - +2 hat
rElec    +         Reflect  .   G - +1 cloak
rCorr    .         Harm     .   (gloves currently unavailable)
MR       +....                  e - +2 pair of boots
Stlth    ++++......             u - amulet of the acrobat
HPRegen  0.31/turn              j - +4 ring of protection
MPRegen  0.18/turn              A - ring of poison resistance

@: blade hands, flying, very slightly contaminated
A: breathe lightning, unfitting armour, big wings, electricity resistance,
cold-blooded, AC +9
a: Breathe Lightning, Stop Flying, End Transformation, Minor Destruction, Lesser
Servant of Makhleb, Major Destruction, Greater Servant of Makhleb, Renounce
Religion


You were on level 14 of the Dungeon.
You worshipped Makhleb.
Makhleb was exalted by your worship.
You were not hungry.
You had blades for hands.
You visited 3 branches of the dungeon, and saw 21 of its levels.
You also visited: Volcano.

You collected 1917 gold pieces.

Inventory:

Missiles
 a - 487 arrows
Armour
 e - a +2 pair of boots (worn)
 h - a +2 hat (worn)
 i - a +0 pair of gloves (melded)
 G - a +1 cloak (worn)
Jewellery
 j - a +4 ring of protection (left scythe-like blade)
 m - an uncursed ring of protection from cold
 q - an uncursed ring of wizardry
 u - an amulet of the acrobat (around neck)
 A - a ring of poison resistance (right scythe-like blade)
 P - the ring of Xom's Sleight of Hands {rPois rF+ Str+4 Int-4}
   (You took it off a kobold on level 13 of the Dungeon)

   [ring of protection from fire]

   It affects your strength (+4).
   It affects your intelligence (-4).
   It protects you from fire.
   It protects you from poison.
Wands
 n - a wand of clouds (6)
 o - a wand of acid (16)
 s - a wand of iceblast (18)
Scrolls
 b - 3 scrolls of immolation
 f - 13 scrolls of remove curse
 v - 10 scrolls of teleportation
 y - a scroll of blinking
 B - a scroll of summoning
 C - a scroll of identify
 D - 5 scrolls of enchant weapon
 H - 2 scrolls of amnesia
 J - 3 scrolls of magic mapping
 L - a scroll of fear
Potions
 d - 3 potions of magic
 g - 4 potions of resistance
 k - 2 potions of haste
 l - 8 potions of curing
 p - 2 potions of brilliance
 r - 2 potions of berserk rage
 w - 3 potions of heal wounds
 z - 2 potions of agility
 E - a potion of invisibility
 F - a potion of cancellation
 I - 3 potions of lignification
 N - a potion of might
Comestibles
 c - 26 rations
 t - a chunk of flesh


   Skills:
 - Level 10.3 Fighting
 - Level 10.2 Dodging
 - Level 10.0 Stealth
 - Level 11.0 Unarmed Combat
 - Level 5.1 Spellcasting
 + Level 15.4 Transmutations
 - Level 5.8 Ice Magic
 - Level 7.2 Invocations


You had 10 spell levels left.
You knew the following spells:

 Your Spells              Type           Power        Failure   Level  Hunger
a - Ice Form              Ice/Tmut       #####...     19%         4    ####...
b - Sticks to Snakes      Tmut           ######..     4%          2    #......
c - Spider Form           Tmut/Pois      ####......   19%         3    ##.....
d - Blade Hands           Tmut           ######....   12%         5    ######.


Dungeon Overview and Level Annotations

Branches:
Dungeon (14/15)            Temple (1/1) D:6            Lair (6/6) D:8
 Shoals (0/4) Lair:3        Snake (0/4) Lair:3        Slime (0/5) Lair:6
    Orc (0/2) D:9          Vaults (0/5) D:13

Altars:
Ashenzari
Cheibriados
Dithmenos
Elyvilon
Fedhas
Gozag
Hepliaklqana
Kikubaaqudgha
Makhleb
Nemelex Xobeh
Okawaru
Qazlal
Ru
Sif Muna
Trog
Vehumet
Wu Jian
Xom
Yredelemnul
Zin
The Shining One

Shops:
D:12 %


Innate Abilities, Weirdness & Mutations

You can breathe wild blasts of lightning.
Your glossy black scales are hard. (AC +9)
You cannot fit into any form of body armour.
Your large and strong wings let you fly indefinitely.
You are resistant to electric shocks. (rElec)
You are cold-blooded and may be slowed by cold attacks.


Message History

You shred the frost giant!!!!!!
You annihilate the frost giant!!!
Makhleb roars: ANNIHILATED!
Unknown command!
Aim: a deep troll The glob of acid misses the deep troll!
The deep troll bites you!!! * * * don't die
* * * The deep troll claws you but does no damage!
The deep troll misses you!
You barely miss the deep troll!
You tail-slap the deep troll, but do no damage!
Your hellwing hits the deep troll!!!
Your hellwing hits the deep troll but does no damage!
Unknown command!
You shred the deep troll!
The deep troll bites you!!! * * * don't die
* * * The deep troll claws you!!! * * * don't die
* * * The deep troll claws you!!!!!! rip

#.#.#.#.#...#.##.#.#
#.#..#.#....#.##...#
#.#.#.#.#####.##...#
#####.(#.#......#.##....
#.....#.#########.##..##
#.#...#.##.#.#. .# #@...
#.#.#.#.#..... .# #..##
..#.#.#..# .C.#.# #..#
...#.#.4@# #...# ....#
..#.#.#.T######..#@.....
.#.#.#.#.....C.###.###.#
#.#...#.#.#####..#. ...
.#.....#.## ### #.#
..####### #.# #


You could see a deep troll and a friendly hellwing.

Vanquished Creatures
  Rupert (D:14)
  Gastronok (Lair:3)
  Kirke (D:12)
  A frost giant (D:14)
  Nessos (D:14)
  Josephine (D:14)
  4 vault guards (D:13)
  3 hydras
  2 centaur warriors (D:14)
  The ghost of SizzlinSam the Cleaver, a novice MiFi of Ru (D:9)
  2 catoblepae (Lair:6)
  The ghost of mandarbmax the Tainter, a novice DsVM of Kikubaaqudgha (D:10)
  5 two-headed ogres
  4 death yaks (Lair:6)
  4 tengu warriors
  A sun demon (Volcano)
  The ghost of Zenkrye the Cleaver, a novice DDFi (D:11)
  Sonja (D:13)
  5 skeletal warriors
  A deep elf mage (D:11)
  Pikel (D:8)
  An orc sorcerer (Volcano)
  An orb spider (shapeshifter) (D:14)
  5 cyclopes
  3 ugly things
  2 manticores
  A moth of wrath (shapeshifter) (D:14)
  3 centaur zombies
  5 black mambas
  Maurice (D:10)
  2 molten gargoyles (Volcano)
  2 gargoyles
  9 spiny frogs
  A spiny frog (shapeshifter) (D:14)
  4 kobold demonologists (D:13)
  A yaktaur (D:14)
  2 rime drakes
  9 komodo dragons
  3 efreet
  A tengu conjurer (D:14)
  3 red devils (Volcano)
  6 trolls
  5 polar bears (Lair:6)
  2 hornets (Lair:6)
  Prince Ribbit (D:6)
  4 hippogriffs
  10 dream sheep
  3 slime creatures (Lair:6)
  16 blink frogs
  A snapping turtle (Lair:3)
  6 wraiths
  39 yaks
  11 spriggans (Lair:6)
  3 shadows
  2 wyverns (Lair:5)
  A water elemental (D:11)
  A vampire (D:13)
  2 fire bats (Volcano)
  A human (D:14)
  2 basilisks
  2 hungry ghosts
  4 vampire mosquitoes
  Menkaure (D:4)
  2 acid dragons
  2 nagas (Lair:3)
  A hell hound (Volcano)
  4 porcupines
  15 water moccasins
  An eye of draining (D:13)
  6 ice beasts
  A slave (D:8)
  6 orc warriors
  2 sky beasts (D:5)
  5 black bears
  3 necrophages
  6 ogres
  4 phantoms
  5 boggarts (Lair:6)
  10 centaurs
  21 wolves
  3 big kobolds
  11 crocodiles
  The ghost of superterranean the Conjurer, an amateur DECj (D:6)
  21 bullfrogs
  3 scorpions
  3 killer bees (D:11)
  8 wights
  7 electric eels (D:11)
  4 lava snakes (Volcano)
  5 howler monkeys
  A quasit (D:8)
  6 crimson imps
  6 hounds
  2 bullfrog zombies
  4 jellies
  7 orc priests
  12 orc wizards
  2 bullfrog skeletons (D:13)
  2 centaur skeletons
  An iguana (D:7)
  9 worker ants
  A hound zombie (D:8)
  A hound skeleton (D:8)
  A worker ant zombie (D:7)
  A howler monkey zombie (D:6)
  15 gnolls
  8 adders
  2 shadow imps
  2 oozes
  An adder skeleton (D:10)
  A worm (D:2)
  5 dart slugs
  4 leopard geckos
  49 orcs
  A ball python (D:1)
  3 giant cockroaches
  2 gnoll zombies (D:7)
  12 goblins
  9 hobgoblins
  22 jackals
  4 quokkas
  9 bats
  4 frilled lizards
  16 kobolds
  2 leopard gecko zombies
  20 rats
  2 fungi
633 creatures vanquished.

Vanquished Creatures (collateral kills)
  A death yak (Lair:6)
  A komodo dragon (Lair:6)
  A harpy zombie (D:14)
  The ghost of Senri the Insei, an amateur OpTm (D:5)
  A hippogriff (Lair:1)
  A wyvern (D:13)
  2 wolves (Lair:6)
  2 bullfrogs
  A wyvern zombie (D:14)
  An adder (D:4)
  A shadow imp (D:5)
  2 orcs
15 creatures vanquished.

Vanquished Creatures (others)
  3 humans (D:12)
  A worker ant (D:8)
  4 fungi (Lair:6)
  7 plants
15 creatures vanquished.

Grand Total: 663 creatures vanquished

Notes
Turn   | Place    | Note
-------+----------+-------------------------------------------
     0 | D:1      | Mastropiero the Draconian Transmuter began the quest for the Orb.
     0 | D:1      | Reached XP level 1. HP: 16/16 MP: 3/3
    47 | D:1      | Reached XP level 2. HP: 17/23 MP: 3/5
   411 | D:1      | Reached XP level 3. HP: 26/28 MP: 6/6
   504 | D:1      | Reached skill level 3 in Transmutations
  1080 | D:2      | Learned a level 2 spell: Sticks to Snakes
  1187 | D:2      | Reached XP level 4. HP: 30/35 MP: 4/7
  1678 | D:3      | Learned a level 3 spell: Spider Form
  1716 | D:3      | Reached XP level 5. HP: 24/40 MP: 4/8
  1935 | D:3      | Reached skill level 4 in Transmutations
  2393 | D:3      | Found a glowing silver altar of Zin.
  2932 | D:4      | Reached skill level 5 in Transmutations
  2975 | D:4      | Reached XP level 6. HP: 33/47 MP: 0/9
  3283 | D:4      | Noticed Menkaure
  3296 | D:4      | Killed Menkaure
  3296 | D:4      | Reached skill level 6 in Transmutations
  3800 | D:5      | Entered Level 5 of the Dungeon
  3805 | D:5      | Your scales start taking on a glossy black colour.
  3805 | D:5      | Reached XP level 7. HP: 48/52 MP: 6/10
  3805 | D:5      | Gained mutation: You are resistant to electric shocks. (rElec) [Black Draconian growth]
  3868 | D:5      | Noticed Senri's ghost (amateur OpTm)
  3912 | D:5      | Killed Senri's ghost
  3912 | D:5      | Reached skill level 7 in Transmutations
  4068 | D:5      | Found an opulent altar of Gozag.
  4069 | D:5      | Found a sparkling altar of Nemelex Xobeh.
  4190 | D:5      | Found a glowing golden altar of the Shining One.
  4359 | D:5      | Reached skill level 8 in Transmutations
  4759 | D:5      | Reached XP level 8. HP: 44/59 MP: 6/11
  4841 | D:5      | Learned a level 5 spell: Blade Hands
  4884 | D:5      | Reached skill level 9 in Transmutations
  5526 | D:6      | Reached skill level 10 in Transmutations
  5652 | D:6      | Found a staircase to the Ecumenical Temple.
  5750 | Temple   | Entered the Ecumenical Temple
  5817 | Temple   | Became a worshipper of Makhleb the Destroyer
  5879 | D:6      | Noticed superterranean's ghost (amateur DECj)
  5981 | D:6      | Reached skill level 5 in Unarmed Combat
  6317 | D:6      | Killed superterranean's ghost
  6358 | D:6      | Noticed Prince Ribbit
  6367 | D:6      | Killed Prince Ribbit
  6791 | D:7      | Reached XP level 9. HP: 63/64 MP: 7/12
  6833 | D:7      | Found a white marble altar of Elyvilon.
  7115 | D:7      | Reached * piety under Makhleb
  7164 | D:7      | Found a basalt altar of Yredelemnul.
  7573 | D:8      | Found a staircase to the Lair.
  7799 | D:8      | Reached ** piety under Makhleb
  7806 | D:8      | Reached skill level 10 in Unarmed Combat
  7838 | D:8      | Found a hazy altar of Hepliaklqana.
  7951 | D:8      | Noticed Pikel
  7966 | D:8      | Killed Pikel
  7966 | D:8      | Reached XP level 10. HP: 59/71 MP: 5/13
  8052 | D:8      | Reached skill level 1 in Invocations
  8415 | D:9      | Noticed SizzlinSam's ghost (novice MiFi)
  8430 | D:9      | Killed SizzlinSam's ghost
  8697 | D:9      | Reached skill level 5 in Invocations
  9177 | D:9      | Reached *** piety under Makhleb
  9277 | D:9      | Noticed a two-headed ogre
  9286 | D:9      | Killed a two-headed ogre
  9501 | D:9      | Found a staircase to the Orcish Mines.
  9551 | D:10     | Entered Level 10 of the Dungeon
  9635 | D:10     | Noticed mandarbmax's ghost (novice DsVM)
  9650 | D:10     | Killed mandarbmax's ghost
  9650 | D:10     | Reached skill level 5 in Spellcasting
  9780 | D:10     | Noticed Maurice
  9795 | D:10     | Killed Maurice
 10086 | D:10     | Reached XP level 11. HP: 82/82 MP: 18/18
 10524 | D:11     | Noticed a deep elf mage
 10542 | D:11     | Killed a deep elf mage
 10608 | D:11     | Noticed Zenkrye's ghost (novice DDFi)
 10625 | D:11     | Killed Zenkrye's ghost
 10625 | D:11     | Reached skill level 5 in Fighting
 10643 | D:11     | Reached **** piety under Makhleb
 10696 | D:11     | Noticed a two-headed ogre
 10703 | D:11     | Killed a two-headed ogre
 10903 | D:11     | Noticed a two-headed ogre
 10921 | D:11     | Killed a two-headed ogre
 11667 | D:12     | Found Ofiruff's Food Boutique.
 11675 | D:12     | Learned a level 4 spell: Ice Form
 11836 | D:12     | Noticed Kirke
 11849 | D:12     | Killed Kirke
 11849 | D:12     | Reached skill level 10 in Fighting
 11854 | D:12     | Reached skill level 1 in Ice Magic
 11860 | D:12     | Noticed a tengu warrior
 11902 | D:12     | Killed a tengu warrior
 12080 | D:12     | Noticed a tengu warrior
 12092 | D:12     | Killed a tengu warrior
 12092 | D:12     | Reached XP level 12. HP: 67/106 MP: 12/19
 12128 | D:12     | Reached skill level 5 in Ice Magic
 12636 | D:12     | Identified a scroll of acquirement
 12822 | D:12     | Reached ***** piety under Makhleb
 12898 | D:12     | Reached skill level 5 in Dodging
 13289 | Lair:1   | Entered Level 1 of the Lair of Beasts
 13921 | Lair:1   | Found a glowing silver altar of Zin.
 14103 | Lair:2   | Found a dark tunnel.
 14111 | Volcano  | Entered a volcano
 14422 | Volcano  | Found a bloodstained altar of Trog.
 14964 | Lair:2   | Noticed an eight-headed hydra
 14973 | Lair:2   | Killed an eight-headed hydra
 15138 | Lair:2   | Reached XP level 13. HP: 111/113 MP: 1/20
 15912 | Lair:3   | Noticed Gastronok
 15976 | Lair:3   | Killed Gastronok
 15976 | Lair:3   | Reached skill level 10 in Dodging
 16054 | Lair:3   | Reached skill level 1 in Stealth
 16322 | Lair:3   | Found a staircase to the Snake Pit.
 16441 | Lair:3   | Found a shattered altar of Ashenzari.
 16662 | Lair:3   | Found a staircase to the Shoals.
 16803 | Lair:4   | Reached skill level 5 in Stealth
 18728 | Lair:6   | Entered Level 6 of the Lair of Beasts
 19110 | Lair:6   | Reached ****** piety under Makhleb
 19257 | Lair:6   | Gained mutation: Your large and strong wings let you fly indefinitely. [Black Draconian growth]
 19257 | Lair:6   | Reached XP level 14. HP: 99/121 MP: 16/21
 19257 | Lair:6   | Reached skill level 10 in Stealth
 19559 | Lair:6   | Reached skill level 11 in Transmutations
 20063 | Lair:6   | Reached skill level 12 in Transmutations
 20155 | Lair:6   | Found a staircase to the Slime Pits.
 20886 | D:13     | Reached skill level 13 in Transmutations
 21022 | D:13     | Got a faintly glowing steel ring
 21033 | D:13     | Identified the ring of Xom's Sleight of Hands {rPois rF+ Str+4 Int-4} (You took it off a kobold on level 13 of the Dungeon)
 21115 | D:13     | Noticed Sonja
 21138 | D:13     | Killed Sonja
 21347 | D:13     | Found a gate to the Vaults.
 21876 | D:13     | Reached skill level 14 in Transmutations
 21904 | D:14     | Noticed Rupert
 22303 | D:14     | Noticed Nessos
 22322 | D:14     | Killed Nessos
 22406 | D:14     | Killed Rupert
 22462 | D:14     | Reached XP level 15. HP: 126/126 MP: 16/22
 22924 | D:14     | Noticed Josephine
 22947 | D:14     | Killed Josephine
 22998 | D:14     | Reached skill level 15 in Transmutations
 23426 | D:14     | Noticed a frost giant
 23444 | D:14     | Killed a frost giant
 23447 | D:14     | Mangled by a deep troll

Vault maps used:
D:1:      erik_arrival_orb_chamber, st_stairs_4
D:3:      zin_scriptorium, first_ration
D:4:      uniq_menkaure
D:5:      grunt_temple_overflow_opulence, tso_metal_star, grunt_ministairs_5,
          kennysheep_dice
D:6:      minmay_temple_entry_statues, uniq_prince_ribbit1
D:7:      elyvilon_altar_4, lemuel_zombie_altar_yredelemnul
D:8:      overflow_temple_1_default, dpeg_oklobed_lair, uniq_pikel
D:9:      hiddenorc1_lemuel
D:10:     uniq_maurice
D:11:     serial_bayou, serial_bayou_pond_e, serial_bayou_ford_a,
          serial_bayou_pond_e, serial_bayou_lagoon_b
D:12:     minmay_the_grid_four_pointed_star, serial_shops, nicolae_shop_stone,
          uniq_kirke
D:13:     lightli_vaults_fourway_checkpoint, uniq_sonja
D:14:     minmay_tearing_corner, grunt_pizzeria, uniq_nessos, uniq_rupert,
          uniq_josephine
Temple:   regret_index_temple_waves
Lair:1:   basic_altar, serial_forest, infiniplex_forest_clump_medium,
          infiniplex_forest_clump_double, infiniplex_forest_clump_long,
          infiniplex_forest_straight_5, infiniplex_forest_clump_diagonal,
          infiniplex_forest_end_double, minmay_stone_trees_small
Lair:2:   lightli_volcano_entry_magma_tube
Lair:3:   minmay_shoals_entry_hut, guppyfry_snake_entry_garden,
          lemuel_centaur_altar, uniq_gastronok
Lair:4:   beast_lair_carwin_10
Lair:6:   minmay_lair_end_enchanted_forest, minmay_slime_entry_pillars,
          nicolae_quartered_pool_medium, minivault_27
Volcano:  volcano_lake

Skill      XL: |  1  2  3  4  5  6  7  8  9 10 11 12 13 14 15 |
---------------+----------------------------------------------+-----
Transmutations | 3 5 6 8 10 14 15 | 15.4
Unarmed Combat | 4 7 10 11 | 11.0
Invocations    | 7 |  7.2
Spellcasting   | 5 |  5.1
Fighting       | 3 10 | 10.3
Ice Magic      | 4 5 |  5.8
Dodging        | 9 10 | 10.2
Stealth        | 9 10 | 10.0

Action                   |  1- 3 |  4- 6 |  7- 9 | 10-12 | 13-15 || total
-------------------------+-------+-------+-------+-------+-------++-------
Melee: Unarmed           |   182 |   171 |   352 |   433 |   893 ||  2031
       Kick              |     8 |       |       |       |       ||     8
       Tailslap          |    13 |    14 |    23 |    39 |    97 ||   186
       Headbutt          |     3 |    11 |    11 |       |       ||    25
       Punch             |       |     3 |     4 |    20 |    19 ||    46
 Cast: Beastly Appendage |    20 |    19 |     8 |       |       ||    47
       Sticks to Snakes  |     1 |     7 |     8 |    16 |    23 ||    55
       Spider Form       |       |     5 |    12 |     1 |       ||    18
       Blade Hands       |       |       |    20 |    55 |    74 ||   149
       Ice Form          |       |       |       |     4 |     2 ||     6
Invok: Minor Destruction |       |       |       |   202 |   202 ||   404
       Lesser Servant of |       |       |       |     2 |     5 ||     7
       Major Destruction |       |       |       |       |     1 ||     1
 Abil: Breathe Lightning |       |       |     3 |     1 |     4 ||     8
       End Transformatio |       |       |     2 |     1 |     6 ||     9
       Fly               |       |       |       |       |     1 ||     1
  Use: Scroll            |       |     7 |     7 |    15 |     9 ||    38
       Potion            |       |     1 |       |     1 |     2 ||     4
 Stab: Distracted        |       |     1 |     1 |     3 |     7 ||    12
       Sleeping          |       |     2 |       |       |     2 ||     4
  Eat: Chunk             |     2 |    10 |    21 |    33 |    45 ||   111
       Ration            |       |       |     1 |     3 |     3 ||     7
Armor: Skin              |    62 |    52 |    93 |   179 |   261 ||   647
Dodge: Dodged            |   101 |   103 |   221 |   338 |   756 ||  1519

Table legend:
 A = Spawn XP
 B = Non-spawn XP
 C = Spawn XP percentage of total XP
 D = Spawn monster count
 E = Non-spawn monster count
 F = Spawn count percentage of total count
 G = Total turns spent on level
                    A         B        C        D         E        F      G
               +---------+---------+-------+---------+---------+-------+---------
         Total |       0 |  116262 |   0.0 |       0 |     645 |   0.0 | 23447
               +---------+---------+-------+---------+---------+-------+---------
           D:1 |       0 |      71 |   0.0 |       0 |      44 |   0.0 |   891
           D:2 |       0 |      78 |   0.0 |       0 |      20 |   0.0 |   782
           D:3 |       0 |      84 |   0.0 |       0 |      23 |   0.0 |   810
           D:4 |       0 |     487 |   0.0 |       0 |      18 |   0.0 |  1317
           D:5 |       0 |    1143 |   0.0 |       0 |      27 |   0.0 |  1489
           D:6 |       0 |     811 |   0.0 |       0 |      19 |   0.0 |  1363
           D:7 |       0 |    1341 |   0.0 |       0 |      31 |   0.0 |   787
           D:8 |       0 |    2024 |   0.0 |       0 |      34 |   0.0 |  1402
           D:9 |       0 |    2738 |   0.0 |       0 |      32 |   0.0 |   693
          D:10 |       0 |    2443 |   0.0 |       0 |      21 |   0.0 |   971
          D:11 |       0 |    5322 |   0.0 |       0 |      32 |   0.0 |  1194
          D:12 |       0 |   11916 |   0.0 |       0 |      44 |   0.0 |  1544
          D:13 |       0 |   14979 |   0.0 |       0 |      55 |   0.0 |  1421
          D:14 |       0 |   19603 |   0.0 |       0 |      35 |   0.0 |  1293
        Lair:1 |       0 |    2331 |   0.0 |       0 |      11 |   0.0 |   804
        Lair:2 |       0 |    5760 |   0.0 |       0 |      21 |   0.0 |  1073
        Lair:3 |       0 |    4660 |   0.0 |       0 |      20 |   0.0 |  1000
        Lair:4 |       0 |    7552 |   0.0 |       0 |      30 |   0.0 |  1018
        Lair:5 |       0 |    4870 |   0.0 |       0 |      23 |   0.0 |   974
        Lair:6 |       0 |   24049 |   0.0 |       0 |      91 |   0.0 |  1863
       Volcano |       0 |    4000 |   0.0 |       0 |      14 |   0.0 |   629
               +---------+---------+-------+---------+---------+-------+---------
